 Dungeon Crawl Stone Soup version 0.30-b1-2-g02819fbbbe (webtiles) character file.

Game seed: 18006169467536925453

22621 Mesmaeker13 the Skirmisher (level 13, -6/103 HPs)
             Began as a Barachi Hunter on Aug 1, 2023.
             Was an Elder of Okawaru.
             Killed from afar by a bog body (23 damage)
             ... with a bolt of cold
             ... on level 3 of the Lair of Beasts.
             The game lasted 00:33:56 (12122 turns).

Mesmaeker13 the Skirmisher (Barachi Hunter)        Turns: 12122, Time: 00:33:57

Health: -6/103     AC: 14    Str: 14    XL:     13   Next: 1%
Magic:  11/18      EV: 22    Int: 10    God:    Okawaru [****..]
Gold:   949        SH:  0    Dex: 25    Spells: 10/12 levels left

rFire   . . .        M - +1 glaive (flame)
rCold   . . .        (shield currently unavailable)
rNeg    . . .        u - +0 troll leather armour {Pargi}
rPois   +            t - +0 helmet
rElec   .            e - scarf {repulsion}
rCorr   .            p - +1 pair of gloves
SInv    .            j - +1 pair of boots
Will    .....        B - amulet of regeneration
Stlth   ++++         y - ring of poison resistance
HPRegen 1.97/turn    r - +6 ring of dexterity
MPRegen 0.16/turn

%: repel missiles
@: heroic, finesse-ful, slowed, very slow
A: amphibious, slowness 1, strong legs 2, +LOS
a: Hop, Renounce Religion, Heroism, Finesse


You were on level 3 of the Lair of Beasts.
You worshipped Okawaru.
Okawaru was greatly pleased with you.
You visited 3 branches of the dungeon, and saw 15 of its levels.
You also visited: Sewer.

You collected 949 gold pieces.

Inventory:

Hand Weapons
 a - a +0 shortbow
 c - a +3 dagger of venom
 M - a +1 glaive of flaming (weapon)
Missiles
 I - a curare-tipped dart
 L - 2 throwing nets
Armour
 e - a scarf of repulsion (worn)
 j - a +1 pair of boots (worn)
 p - a +1 pair of gloves (worn)
 t - a +0 helmet (worn)
 u - a +0 troll leather armour (worn) {Pargi}
 G - a +1 ring mail of cold resistance
 R - a +0 cloak of poison resistance
Jewellery
 d - a ring of wizardry
 r - a +6 ring of dexterity (right hand)
 s - a ring of magical power
 v - an amulet of magic regeneration
 x - a +6 ring of intelligence
 y - a ring of poison resistance (left hand)
 B - an amulet of regeneration (around neck)
 H - a ring of resist corrosion
 J - an amulet of guardian spirit
 O - a ring of ice
 S - a ring of protection from fire
 V - an amulet of regeneration
Scrolls
 b - 2 scrolls of immolation
 g - 7 scrolls of enchant weapon
 h - 6 scrolls of teleportation
 l - a scroll of fog
 n - 2 scrolls of noise
 w - 2 scrolls of fear
 C - a scroll of brand weapon
 D - a scroll of enchant armour
 E - 2 scrolls of vulnerability
 F - a scroll of blinking
 K - 2 scrolls of amnesia
 N - a scroll of poison
Potions
 f - 2 potions of flight {unknown}
 i - 4 potions of haste {unknown}
 k - 9 potions of lignification
 m - 3 potions of degeneration {unknown}
 o - a potion of magic
 q - 7 potions of curing {unknown}
 z - 5 potions of brilliance {unknown}
 A - 5 potions of mutation {unknown}
 P - a potion of heal wounds {unknown}
 Q - 2 potions of might {unknown}
 U - a potion of attraction {unknown}


   Skills:
 - Level 10.1(15.1) Fighting
 + Level 12.1(17.1) Ranged Weapons
 + Level 11.3(16.3) Armour
 - Level 7.0(12.0) Dodging
 - Level 0.8(5.8) Stealth
 + Level 4.1 Transmutations
 + Level 7.1 Invocations
 + Level 8.6 Evocations


You had 10 spell levels left.
You knew the following spells:

 Your Spells              Type           Power      Damage    Failure   Level
a - Wereblood             Tmut           8%         N/A       12%         2

Your spell library contained the following spells:

 Spells                   Type           Power      Damage    Failure   Level
 Beastly Appendage        Tmut           16%        N/A       8%          1
 Apportation              Tloc           0%         N/A       41%         1
 Necrotise                Necr           0%         1d4       41%         1
 Spider Form              Tmut/Pois      4%         N/A       50%         3
 Blink                    Tloc           0%         N/A       54%         2
 Lesser Beckoning         Tloc           0%         N/A       54%         2
 Momentum Strike          Conj/Tloc      0%         3d8       54%         2
 Ignite Poison            Fire/Tmut/Pois 2%         N/A       58%         3
 Frozen Ramparts          Ice            0%         1d1       78%         3
 Portal Projectile        Hex/Tloc       0%         N/A       78%         3
 Vampiric Draining        Necr           0%         2d6       78%         3
 Ice Form                 Ice/Tmut       4%         N/A       88%         4
 Blade Hands              Tmut           4%         N/A       91%         5
 Sticky Flame             Conj/Fire      0%         2d3       99%         4
 Alistair's Intoxication  Tmut/Pois      2%         N/A       99%         5
 Agony                    Necr           0%         N/A       100%        5
 Ignition                 Fire           0%         3d3       100%        8
 Tukima's Dance           Hex            Unusable   N/A       N/A         3
 Summon Ice Beast         Ice/Summ       Unusable   N/A       N/A         4

Dungeon Overview and Level Annotations

Branches:
Dungeon (11/15)            Temple (1/1) D:5            Lair (3/5) D:11
  Sewer (visited)
  Swamp: Lair:2-3    Shoals: Lair:2-3     Snake: Lair:2-3    Spider: Lair:2-3
    Orc: D:9-12

Altars:
Ashenzari
Cheibriados
Elyvilon
Fedhas
Gozag
Hepliaklqana
Kikubaaqudgha
Makhleb
Nemelex Xobeh
Okawaru
Qazlal
Ru
Sif Muna
Trog
Uskayaw
Vehumet
Wu Jian
Xom
Yredelemnul
The Shining One

Shops:
D:1 :

Annotations:
D:3 3 runed translucent doors, Quercus's ghost, novice DsEE; carontestyx's ghost, weakling SpDe; redmage's ghost, amateur MeEE; redmage's ghost, weakling MeEE
D:5 1 runed translucent door, carontestyx's ghost, weakling MiDe
D:6 3 runed translucent doors, carontestyx's ghost, amateur MiDe
D:8 exclusions: downstairs and 2 more exclusions


Innate Abilities, Weirdness & Mutations

You are amphibious.
You cover ground slowly.
You can hop long distances.
You have an extended range of vision and can be seen from far away.


Message History

The bog body touches you but does no damage.
The bog body gestures at you while chanting.
You resist with significant effort.
You closely miss the bog body.
The bog body is almost destroyed.
The bog body touches you but does no damage.
The bog body touches you. The bog body freezes you!
The bog body completely misses you.
You barely miss the bog body.
The bog body is almost destroyed.
The bog body points at you and mumbles some strange words.
The bolt of cold hits you!!
The bog body points at you and mumbles some strange words.
You feel as though you will be slow longer.
The bog body points at you and mumbles some strange words.
You resist with significant effort.
You closely miss the bog body.
The bog body is almost destroyed.
The bog body touches you. The bog body freezes you! The bog body misses you.
You closely miss the bog body.
The bog body is almost destroyed.
The bog body touches you. The bog body freezes you!!
A bog body comes into view.
The bog body points at you and mumbles some strange words.
The bolt of cold misses you.
The bog body points at you and mumbles some strange words.
You feel as though you will be slow longer.
You can now deal lightning-fast blows.
The bog body casts a spell at you.
You feel as though you will be slow longer.
You gain the combat prowess of a mighty hero.
The bog body touches you!
* * * LOW HITPOINT WARNING * * *
The bog body freezes you!
* * * LOW HITPOINT WARNING * * *
The bog body casts a spell at you. The bolt of cold misses you.
The bog body gestures at you while chanting.
The bolt of cold hits you!!
You die...

♣♣.......#P.##...
♣......##........
♣......##...#....
♣......#....#....
♣......##........ ♣
♣♣............#... ♣.
♣........#...##.<.
....♣..♣........##.##....
.....⌠⌠n@......####.##..#
.......n................#
........................#
........................#
.###.####................
## #................
.....P#..####....
.....##### #...# ....#
#...#


You could see 2 bog bodies.

Vanquished Creatures
  2 boulder beetles (D:11)
  A two-headed ogre (D:11)
  A skyshark (Lair:2)
  Pikel (D:4)
  An oklob plant (Lair:2)
  7 centaur zombies (D:10)
  3 black mambas
  Joseph (D:8)
  An unseen horror (D:11)
  Maggie (D:8)
  3 cane toads
  A rime drake (Lair:1)
  2 unseen horror zombies (D:10)
  A komodo dragon (Lair:1)
  A troll (D:11)
  A hornet (D:11)
  7 blink frogs
  A meliai zombie (D:10)
  3 wyverns
  34 yaks
  A vampire (D:9)
  2 steam dragons
  3 basilisks
  6 vampire mosquitoes (D:11)
  3 nagas (Lair:3)
  A water moccasin (Lair:3)
  5 orc warriors
  2 sky beasts
  Pargi (Sewer)
  5 black bears
  6 wolves
  An ogre (D:5)
  A centaur (D:7)
  2 lemures (D:4)
  6 bullfrogs
  2 kobold brigands
  3 scorpions
  2 wights
  9 killer bees
  3 howler monkeys (D:9)
  7 electric eels
  4 lava snakes (Lair:1)
  5 jellies
  An orc priest (D:7)
  A gnoll bouda (D:8)
  4 hounds
  An iguana (D:7)
  14 orc wizards
  Robin (D:3)
  A howler monkey zombie (D:10)
  4 adders
  4 gnolls (D:8)
  A shadow imp (D:6)
  2 white imps (D:6)
  An ufetubus (D:5)
  A worm (D:3)
  3 dart slugs
  50 orcs
  6 ball pythons
  10 endoplasms
  6 giant cockroaches
  8 hobgoblins
  4 jackals (D:1)
  9 quokkas
  2 bats
  14 goblins
  16 kobolds
  7 rats
  2 rat zombies (D:4)
326 creatures vanquished.

Vanquished Creatures (others)
  9 fungi
  4 plants
  2 withered plants (D:3)
15 creatures vanquished.

Grand Total: 341 creatures vanquished

Notes
Turn   | Place    | Note
-------+----------+-------------------------------------------
     0 | D:1      | Mesmaeker13 the Barachi Hunter began the quest for the Orb.
     0 | D:1      | Reached XP level 1. HP: 17/17 MP: 1/1
    48 | D:1      | Reached XP level 2. HP: 23/23 MP: 2/2
   121 | D:1      | Found Juihis's Book Boutique.
   233 | D:1      | Reached XP level 3. HP: 29/29 MP: 3/3
   704 | D:2      | Found a snail-covered altar of Cheibriados.
  1068 | D:3      | Reached XP level 4. HP: 35/35 MP: 4/4
  1118 | D:3      | Found a runed translucent gate.
  1118 | D:3      | Noticed carontestyx's ghost (weakling SpDe)
  1118 | D:3      | Noticed redmage's ghost (amateur MeEE)
  1131 | D:3      | Found a runed translucent gate.
  1131 | D:3      | Found a runed translucent gate.
  1133 | D:3      | Noticed Quercus's ghost (novice DsEE)
  1133 | D:3      | Noticed redmage's ghost (weakling MeEE)
  1288 | D:3      | Noticed Robin
  1310 | D:3      | Killed Robin
  1366 | D:3      | Found a glowing drain.
  1382 | Sewer    | Entered a sewer
  1407 | Sewer    | Noticed Pargi
  1419 | Sewer    | Killed Pargi
  1420 | Sewer    | Reached skill level 5 in Ranged Weapons
  1420 | Sewer    | Reached XP level 5. HP: 36/43 MP: 5/5
  1897 | D:3      | Found a snail-covered altar of Cheibriados.
  1951 | D:3      | Found the +0 toga "Victory" {*Victory Clar}
  2056 | D:4      | Found a bloodstained altar of Trog.
  2058 | D:4      | Reached XP level 6. HP: 49/49 MP: 6/6
  2074 | D:4      | Noticed a black bear
  2116 | D:4      | Killed a black bear
  2117 | D:4      | Reached skill level 5 in Fighting
  2240 | D:4      | Noticed a black bear
  2267 | D:4      | Killed a black bear
  2268 | D:4      | Reached skill level 5 in Dodging
  2268 | D:4      | Reached XP level 7. HP: 56/56 MP: 7/7
  2427 | D:4      | Noticed Pikel
  2627 | D:4      | Found an ancient bone altar of Kikubaaqudgha.
  2727 | D:4      | Killed Pikel
  2728 | D:4      | Reached skill level 6 in Ranged Weapons
  2728 | D:4      | Reached XP level 8. HP: 38/65 MP: 8/8
  2794 | D:5      | Entered Level 5 of the Dungeon
  2923 | D:5      | Reached skill level 7 in Ranged Weapons
  2943 | D:5      | Found a staircase to the Ecumenical Temple.
  2956 | Temple   | Entered the Ecumenical Temple
  2975 | Temple   | Became a worshipper of Warmaster Okawaru
  3106 | D:5      | Found a runed translucent door.
  3108 | D:5      | Noticed carontestyx's ghost (weakling MiDe)
  3838 | D:6      | Reached skill level 1 in Armour
  3851 | D:6      | Noticed carontestyx's ghost (amateur MiDe)
  3864 | D:6      | Found a runed translucent gate.
  3864 | D:6      | Found a runed translucent gate.
  3874 | D:6      | Found a runed translucent gate.
  3985 | D:6      | Reached XP level 9. HP: 53/74 MP: 9/9
  4104 | D:6      | Reached * piety under Okawaru
  4657 | D:7      | Reached skill level 8 in Ranged Weapons
  4822 | D:7      | Found a stormy altar of Qazlal.
  5206 | D:7      | Found a sparkling altar of Nemelex Xobeh.
  5242 | D:7      | Found an ornate altar of the Wu Jian Council.
  5318 | D:8      | Noticed Maggie
  5366 | D:8      | Reached skill level 5 in Armour
  5404 | D:8      | Reached ** piety under Okawaru
  5442 | D:8      | Found a hide-covered altar of Uskayaw.
  5591 | D:8      | Killed Maggie
  5592 | D:8      | Reached skill level 9 in Ranged Weapons
  5592 | D:8      | Reached XP level 10. HP: 54/85 MP: 5/10
  5684 | D:8      | Reached skill level 10 in Fighting
  5729 | D:8      | Reached *** piety under Okawaru
  5904 | D:8      | Noticed Joseph
  5919 | D:8      | Killed Joseph
  5920 | D:8      | Reached skill level 1 in Evocations
  6250 | D:9      | Found a glowing golden altar of the Shining One.
  6281 | D:9      | Found a white marble altar of Elyvilon.
  6364 | D:9      | Reached skill level 1 in Invocations
  6485 | D:9      | Found a broken altar of Ashenzari.
  6767 | D:9      | Found a shimmering altar of Xom.
  6925 | D:10     | Entered Level 10 of the Dungeon
  7066 | D:9      | Reached **** piety under Okawaru
  7184 | D:10     | Found a basalt altar of Yredelemnul.
  7193 | D:10     | Reached skill level 10 in Ranged Weapons
  7200 | D:10     | Reached XP level 11. HP: 73/90 MP: 9/13
  7277 | D:10     | Reached skill level 5 in Evocations
  7333 | D:10     | Found a radiant altar of Vehumet.
  7378 | D:10     | Received a gift from Okawaru
  7401 | D:10     | Found a hazy altar of Hepliaklqana.
  7648 | D:10     | Found a burning altar of Makhleb.
  8125 | D:11     | Noticed a boulder beetle
  8418 | D:11     | Noticed a boulder beetle
  8425 | D:11     | Killed a boulder beetle
  8425 | D:11     | Reached ***** piety under Okawaru
  8426 | D:11     | Reached skill level 5 in Invocations
  8439 | D:11     | Found a staircase to the Lair.
  8492 | D:11     | Killed a boulder beetle
  8492 | D:11     | Received a gift from Okawaru
  8643 | D:11     | Reached skill level 11 in Ranged Weapons
  8837 | D:11     | Noticed a two-headed ogre
  8846 | D:11     | Killed a two-headed ogre
  8847 | D:11     | Reached skill level 10 in Armour
  8847 | D:11     | Reached XP level 12. HP: 97/97 MP: 16/16
  9591 | Lair:1   | Entered Level 1 of the Lair of Beasts
  9834 | Lair:1   | Learned a level 2 spell: Wereblood
 10328 | Lair:1   | Reached skill level 1 in Transmutations
 11221 | Lair:2   | Identified the +0 cloak of Gyetixke {Harm} (Okawaru gifted
                  | it to you on level 2 of the Lair of Beasts)
 11221 | Lair:2   | Received a gift from Okawaru
 11474 | Lair:2   | Noticed a skyshark
 11483 | Lair:2   | Killed a skyshark
 11610 | Lair:2   | Reached skill level 12 in Ranged Weapons
 12036 | Lair:2   | Gained mutation: You can hop long distances. [Barachi
                  | growth]
 12036 | Lair:2   | Reached XP level 13. HP: 65/103 MP: 18/18
 12122 | Lair:3   | Killed from afar by a bog body

Illustrated notes

Levels and vault maps discovered:
D:1:      evilmike_arrival_crescent, layout_rooms, serial_shops,
          nicolae_shop_trees
D:2:      cheibrodos_old_hovel, layout_rooms, basic_altar,
          kennysheep_generic_room_14
D:3:      layout_loops_ring, kennysheep_slug_shrine, gammafunk_ghost_cemetery,
          portal_sewer_entry_f, chequers_garden, minmay_misc_feat_encased,
          uniq_robin
D:4:      layout_cave_pools, trog_three_pillars_becter,
          lemuel_zombie_altar_kikubaaqudgha, uniq_pikel
D:5:      layout_loops_ring, minmay_temple_entry_large_hall,
          ebering_ghost_reflecting_pool, kennysheep_generic_room_3
D:6:      minmay_spotlight, layout_rooms, gammafunk_ghost_icy
D:7:      layout_gridville, nemelex_diamond_rough_becter,
          mainiacjoe_overflow_alcove_4, nicolae_wu_jian_glorious_leap
D:8:      layout_loops_ring, general_overflow_altar, serial_bayou_crossing,
          uniq_maggie, uniq_joseph
D:9:      layout_loops_ring, tgw_xom, amcnicky_altar_gilded,
          mainiacjoe_overflow_catch_the_wave
D:10:     layout_rooms, kennysheep_little_box, lightli_temple_of_fire,
          nicolae_yredelemnul_corpse_copse, lemuel_crystal_altar
D:11:     layout_layer_cave, lair_entry_dummy
Temple:   hellmonk_temple_of_storms
Lair:1:   layout_misc_corridors, nicolae_lair_liquid_snakes
Lair:2:   layout_loops_ring
Lair:3:   layout_regular_city, nicolae_swamp_entry_splash_gauntlet,
          minmay_snake_entry_guardpost_medium, serial_rivers,
          chequers_serial_rivers_micro_a, chequers_serial_rivers_marsh,
          chequers_serial_rivers_micro_b, chequers_serial_rivers_marsh,
          chequers_serial_rivers_room_a, chequers_serial_rivers_marsh,
          nicolae_quartered_pool_little, serial_bayou_shore_b

Skill      XL: |  1  2  3  4  5  6  7  8  9 10 11 12 |
---------------+-------------------------------------+-----
Fighting       | 3 4 5 6 8 9 10 | 10.1
Dodging        | 3 4 5 6 7 |  7.0
Ranged Weapons | 5 6 7 9 10 11 12 | 12.1
Armour         | 1 5 8 10 11 | 11.3
Evocations     | 4 6 8 |  8.6
Invocations    | 3 5 7 |  7.1
Transmutations | 4 |  4.1
Stealth        | |  0.8

Action                     |  1- 3 |  4- 6 |  7- 9 | 10-12 | 13-15 || total
---------------------------+-------+-------+-------+-------+-------++-------
  Melee: Dagger            |       |    23 |   104 |    89 |       ||   216
         Punch             |       |     1 |     6 |       |       ||     7
         Whip              |       |       |    38 |       |       ||    38
         Glaive            |       |       |       |   399 |    10 ||   409
   Fire: Shortbow          |   144 |   130 |   251 |   356 |       ||   881
  Throw: Dart              |       |       |     1 |       |       ||     1
   Cast: Wereblood         |       |       |       |     2 |       ||     2
 Invoke: Heroism           |       |       |     1 |    10 |     1 ||    12
         Finesse           |       |       |       |     3 |     1 ||     4
Ability: Hop               |     1 |     3 |     5 |     6 |       ||    15
  Evoke: Wand              |       |       |       |    31 |       ||    31
    Use: Scroll            |     2 |       |     3 |     9 |       ||    14
         Potion            |       |       |     1 |     1 |       ||     2
   Stab: Sleeping          |       |     4 |       |     3 |       ||     7
 Armour: Leather armour    |    17 |     4 |       |       |       ||    21
         Animal skin       |       |     3 |       |       |       ||     3
         Troll leather arm |       |    26 |    72 |   288 |     2 ||   388
         Skin              |       |       |     5 |     4 |       ||     9
  Dodge: Dodged            |    35 |    68 |   192 |   766 |     9 ||  1070
         Repelled          |       |     1 |     2 |    14 |       ||    17
